 Dungeon Crawl Stone Soup version 0.30.1-9-gdf580d7c3d (webtiles) character file.

Game seed: 11055731710398008640

88 Ivernyr the Cudgeller (level 4, -3/23 HPs)
             Began as a Vine Stalker Gladiator on Sept 28, 2023.
             Slain by an ogre
             ... wielding a +0 giant spiked club
              (11 damage)
             ... on level 3 of the Dungeon.
             The game lasted 00:03:26 (1761 turns).

Ivernyr the Cudgeller (Vine Stalker Gladiator)      Turns: 1761, Time: 00:03:27

Health: -3/23      AC:  5    Str: 18    XL:     4   Next: 54%
Magic:  0/5        EV: 13    Int:  8    God:
Gold:   199        SH:  0    Dex: 16    Spells: 3/3 levels left

rFire   . . .        a - +0 flail
rCold   . . .        (no shield)
rNeg    . . .        b - +0 leather armour
rPois   .            c - +0 helmet
rElec   .            (no cloak)
rCorr   .            g - +0 pair of gloves
SInv    .            (no boots)
Will    .....        (no amulet)
Stlth   +            (no ring)
HPRegen 1.03/turn    (no ring)
MPRegen 0.09/turn

%: guardian spirit
@: confused, ambrosia-drunk
A: fangs 2, regeneration 1, magic shield, antimagic bite, no potion heal 2
a: no special abilities


You were on level 3 of the Dungeon.
You visited 1 branch of the dungeon, and saw 3 of its levels.

You collected 199 gold pieces.

Inventory:

Hand Weapons
 a - a +0 flail (weapon)
Missiles
 d - 3 throwing nets (quivered)
 e - a javelin
Armour
 b - a +0 leather armour (worn)
 c - a +0 helmet (worn)
 g - a +0 pair of gloves (worn)
Scrolls
 h - a scroll of silence {unknown}
 i - a scroll of fear {unknown}
 j - a scroll of enchant armour {unknown}
 k - a scroll of vulnerability {unknown}
 n - 3 scrolls of immolation {unknown}
 s - a scroll of teleportation {unknown}
Potions
 l - a potion of curing {unknown}
 m - a potion of might {unknown}
 o - a potion of brilliance {unknown}
 p - a potion of heal wounds
 q - a potion of lignification {unknown}
 r - a potion of resistance {unknown}


   Skills:
 + Level 2.8 Fighting
 + Level 3.4 Maces & Flails
 - Level 1.7 Throwing
 + Level 3.1 Dodging


You had 3 spell levels left.
You didn't know any spells.
Your spell library contained the following spells:

 Spells                   Type           Power      Damage    Failure   Level
 Kiss of Death            Conj/Necr      0%         2d5       45%         1
 Confusing Touch          Hex            0%         N/A       83%         3
 Dispel Undead            Necr           0%         3d6       99%         4


Dungeon Overview and Level Annotations

Branches:
Dungeon (3/15)

Altars:
Makhleb

Shops:
D:2 :


Innate Abilities, Weirdness & Mutations

You have extremely sharp teeth.
Your natural rate of healing is unusually fast.
When hurt, damage is shared between your health and your magic reserves.
Your bite disrupts and absorbs the magic of your enemies.
Potions cannot restore your health.


Message History

You open the door.
An endoplasm comes into view.
There is an open door here.
The endoplasm quivers.
The endoplasm barely misses you.
You sock the endoplasm!
You kill the endoplasm!
There is an open door here.
There is an open door here.
You open the door.
A goblin comes into view. It is wielding a +0 club.
The goblin shouts!
The goblin unwields a +0 club.
The goblin wields a +0 sling.
The goblin shoots a sling bullet.
The sling bullet hits you but does no damage.
You hear a shout!
Found a twisted glowing staff.
An ogre comes into view. It is wielding a +0 giant spiked club.
The ogre shouts!
There is an open door here.
Found a scroll labelled BUKHAE JAFE UNO.
The goblin unwields a +0 sling.
The goblin wields a +0 club.
The goblin hits you with a +0 club. The ogre misses you.
There is an open door here.
The goblin unwields a +0 club.
The goblin wields a +0 sling.
The goblin shoots a sling bullet.
The sling bullet hits you.
The goblin shoots a sling bullet.
The sling bullet hits you but does no damage.
It was a potion of ambrosia.
You are confused.
Your system rejects the healing.
You feel invigorated.
It was a potion of heal wounds.
That seemed strangely inert.
The ogre hits you with a +0 giant spiked club!!
Ouch! That really hurt!
* * * LOW HITPOINT WARNING * * *
You bump into the rock wall.
The ogre misses you.
You bump into the rock wall.
The ogre attacks as you move away!
The ogre hits you with a +0 giant spiked club!
You die...

#.##.....# #.##.###.#
#.##.....##########
#..+.._..'.#........
###.##.....#.#........
#....#.###.#.#.......
#.####.....#.#......♣
#.# ##'###'###....♣
#.# #...#..@##....♣
#.# #.#.#.#.Og...♣.?♣
#.# #.#.#.#.##....♣
#.###.#.#.#.##....♣
#.....#.#.#.##......♣
#######.#>...#.....|..
#...#.##.###........
#.#.#......#........
#.#.#####..#########


You could see an ogre and a goblin.

Vanquished Creatures
  A gnoll (D:1)
  2 adders (D:2)
  A worm (D:2)
  4 dart slugs
  4 ball pythons
  2 bats
  3 endoplasms
  2 giant cockroaches
  8 goblins
  4 hobgoblins
  2 jackals (D:1)
  5 kobolds
  A quokka (D:1)
  2 frilled lizards (D:1)
  7 rats
48 creatures vanquished.

Notes
Turn   | Place    | Note
-------+----------+-------------------------------------------
     0 | D:1      | Ivernyr the Vine Stalker Gladiator began the quest for the
                  | Orb.
     0 | D:1      | Reached XP level 1. HP: 11/11 MP: 2/2
    97 | D:1      | Reached XP level 2. HP: 15/15 MP: 3/3
   332 | D:1      | Reached XP level 3. HP: 18/18 MP: 4/4
   804 | D:2      | Found a faded altar of an unknown god.
   847 | D:2      | Found Tuvuev's Vocational Training.
   897 | D:2      | Gained mutation: Your natural rate of healing is unusually
                  | fast. [Vine Stalker growth]
   897 | D:2      | Reached XP level 4. HP: 21/23 MP: 5/5
  1692 | D:3      | Found a burning altar of Makhleb.
  1751 | D:3      | Noticed an ogre
  1761 | D:3      | Slain by an ogre

Illustrated notes

Levels and vault maps discovered:
D:1:      elethiomel_arrival_shortcut, layout_basic
D:2:      layout_basic, shapermc_ecumenical_altar_pompeii,
          dreamdust_wishing_well, corexii_leaking_fountain,
          nicolae_shop_vocational
D:3:      layout_basic, mainiacjoe_overflow_six_doors_small,
          mainiacjoe_overflow_small_starburst, kennysheep_generic_room_2

Skill      XL: |  1  2  3 |
---------------+----------+-----
Fighting       | 2 |  2.8
Maces & Flails | 3 |  3.4
Dodging        | 3 |  3.1
Throwing       | |  1.7

Action                     |  1- 3 |  4- 6 || total
---------------------------+-------+-------++-------
  Melee: Flail             |    83 |    23 ||   106
         Bite              |    18 |     3 ||    21
         Punch             |     1 |       ||     1
    Use: Potion            |       |     2 ||     2
 Armour: Leather armour    |    23 |    12 ||    35
  Dodge: Dodged            |    62 |    18 ||    80
